Map: 幽暗之塔

Players

DKinSC - Winner!

  • Race: Zerg Zerg
  • League: Diamond

A.I.欄位(極簡單)

  • Race: Zerg Zerg

VOD

Have the link to the VOD?

Description

Time

  • Played on: Dec. 23, 2015, 12:03 p.m.
  • Length: 10:32
Show
View Real Time Build Order
Export as new Build Order

DKinSC Zerg - Winner!

Build Orders: Hatch First 

Get SALT Encoding   

  12  0:01  Drone  
  13  0:08  Drone  
  14  0:17  Overlord  
  14  0:27  Extractor  
  13  0:30  Drone x2, Extractor  
  16  0:35  Drone  
  17  0:56  Hatchery, Drone  
  17  1:01  Drone  
  18  1:07  Drone  
  18  1:10  Extractor  
  18  1:18  Spawning Pool  
  18  1:20  Drone  
  18  1:27  Drone  
  19  1:37  Drone  
  20  1:50  Drone  
  21  2:00  Hatchery  
  20  2:07  Queen  
  22  2:09  Queen  
  24  2:20  Metabolic Boost  
  24  2:21  Zergling x2  
  24  2:22  Zergling x2  
  26  2:28  Drone x2  
  28  2:37  Overlord  
  28  2:55  Queen  
  28  2:56  Overlord  
  28  2:57  Drone x3  
  33  3:02  Drone x2  
  35  3:13  Extractor  
  35  3:16  Drone x3  
  36  3:29  Queen  
  36  3:31  Drone x4  
  36  3:32  Drone  
  43  3:44  Drone x6  
  49  3:50  Overlord, Extractor  
  49  3:51  Extractor  
  47  4:21  Drone x7  
  47  4:22  Drone x3  
  47  4:24  Overlord  
  57  4:36  Drone  
  58  4:41  Overlord  
  58  4:47  Drone x2  
  58  4:51  Drone x6  
  66  5:03  Drone  
  66  5:04  Drone x7  
  66  5:06  Overlord  
  74  5:18  Overlord x2  
  74  5:21  Extractor x2  
  73  5:27  Drone  
  73  5:28  Drone x3  
  76  5:33  Hatchery  
  74  5:37  Lair  
  75  5:50  Zergling x20  
  84  6:00  Hatchery  
  83  6:04  Overlord x3  
  83  6:05  Zergling x2  
  83  6:06  Zergling x14  
  91  6:12  Drone x2  
  91  6:13  Evolution Chamber  
  91  6:14  Evolution Chamber  
  91  6:19  Queen  
  91  6:21  Zergling x2  
  91  6:22  Zergling x4  
  96  6:37  Overlord x2  
  96  6:38  Zergling x20  
  106  6:40  Zerg Missile Weapons Level 1, Zerg Ground Armor Level 1  
  106  6:47  Zergling x2  
  106  6:48  Zergling x2  
  106  6:49  Queen  
  110  7:03  Zergling x2  
  110  7:04  Zergling x10  
  110  7:06  Overlord x2  
  110  7:07  Zergling x8  
  110  7:08  Zergling x10  
  125  7:21  Zergling x2  
  125  7:22  Zergling x8  
  130  7:23  Overlord  
  130  7:35  Zergling x2  
  130  7:36  Zergling x26  
  143  7:45  Zergling x2  
  143  7:46  Zergling x12  
  143  7:51  Drone x2  
  152  7:53  Drone  
  153  8:18  Zergling x26  
  153  8:19  Zergling x14  
  173  8:21  Overlord  
  173  8:37  Overlord x2  
  173  8:38  Overlord  
  173  8:45  Drone  
  173  8:46  Drone x6  
  173  8:47  Drone  
  181  8:50  Zergling x2, Extractor  
  181  8:51  Overlord x2  
  181  8:52  Overlord x2, Extractor  
  180  9:17  Zergling x2  
  180  9:18  Zergling x36  
Show
View Real Time Build Order
Export as new Build Order

A.I.欄位(極簡單) Zerg 

Build Orders: Pool First 

Get SALT Encoding   

  12  0:00  Drone  
  13  0:12  Overlord  
  13  0:17  Drone  
  14  0:35  Spawning Pool  
  13  0:36  Extractor  
  13  0:39  Drone  
  13  0:46  Drone  
  14  0:52  Overlord  
  14  1:22  Zergling x2  
  14  1:23  Queen  
  17  1:30  Roach Warren  
  16  1:34  Drone  
  16  1:38  Extractor  
  16  1:41  Drone  
  17  1:48  Zergling x2  
  18  2:01  Drone  
  19  2:08  Drone  
  20  2:15  Zergling x2  
  21  2:17  Drone  
  22  2:27  Overlord  
  22  2:30  Drone  
  23  2:37  Drone  
  23  2:41  Roach  
  26  2:45  Drone  
  27  5:31  Zergling x2  
  27  7:13  Drone  
  27  7:14  Lair, Roach  
  27  7:15  Overlord  
  30  7:20  Hatchery, Drone  
  30  7:27  Drone  
  26  7:51  Roach  
  28  8:11  Overseer  
  28  8:15  Overseer  
  28  8:27  Zergling x2  
  28  8:33  Drone  
  30  8:39  Extractor  
  30  8:40  Drone  
  30  8:43  Extractor  
  30  8:47  Drone  
  30  8:54  Drone  
  31  9:01  Drone  
  32  9:03  Roach  
  32  9:08  Drone  
  35  9:16  Drone  
  36  9:23  Drone  
  37  9:30  Drone  
  38  9:37  Drone  
  39  9:44  Drone  
  40  9:51  Drone  
  41  9:59  Drone  
  42  10:04  Zergling x2  
  42  10:06  Drone  
  41  10:13  Drone  
  38  10:14  Overlord  
Tags
 
Add a new tag
Caveats
  • Supply blocks, unpowered buildings, or Contaminate may cause inaccurate times.
  • Supply counts are checked every 10 seconds.